 Dungeon Crawl Stone Soup version 0.29-a0-512-gf59ac788ac (webtiles) character file.

Game seed: 13989340365919600109

796 pokeman the Thaumaturge (level 7, -4/40 HPs)
             Began as a Deep Elf Hedge Wizard on May 29, 2022.
             Slain by an orc wizard
             ... wielding a +6 antimagic dagger
              (8 damage)
             ... on level 6 of the Dungeon.
             The game lasted 00:09:47 (6652 turns).

pokeman the Thaumaturge (Deep Elf Hedge Wizard)     Turns: 6652, Time: 00:09:48

Health: -4/40      AC:  7    Str:  7    XL:     7   Next: 58%
Magic:  2/20       EV: 12    Int: 21    God:
Gold:   271        SH:  0    Dex: 14    Spells: 11/22 levels left

rFire   + . .      SeeInvis .   g - +0 war axe
rCold   . . .      Faith    .   (no shield)
rNeg    . . .      Spirit   .   k - +0 leather armour
rPois   .          Reflect  .   c - +0 hat
rElec   .          Harm     .   (no cloak)
rCorr   .          Rampage  .   (no gloves)
Will    .....                   (no boots)
Stlth   ++........              (no amulet)
HPRegen 0.13/turn               n - +4 ring of protection
MPRegen 0.17/turn               t - ring of protection from fire

@: very slightly contaminated
A: no striking features
a: no special abilities


You were on level 6 of the Dungeon.
You visited 1 branch of the dungeon, and saw 6 of its levels.

You collected 271 gold pieces.

Inventory:

Hand Weapons
 g - a +0 war axe (weapon)
Armour
 c - a +0 hat (worn)
 k - a +0 leather armour (worn)
Magical Staves
 y - a staff of earth
Jewellery
 n - a +4 ring of protection (left hand)
 t - a ring of protection from fire (right hand)
Wands
 l - a wand of acid (10)
Scrolls
 a - a scroll of enchant weapon {unknown}
 b - a scroll of identify {unknown}
 e - 2 scrolls of enchant armour {unknown}
 f - 2 scrolls of magic mapping {unknown}
 j - 5 scrolls of teleportation {unknown}
 o - a scroll of poison {unknown}
 s - a scroll of summoning {unknown}
 u - a scroll of blinking {unknown}
 w - a scroll of fear {unknown}
 z - a scroll of vulnerability {unknown}
Potions
 d - a potion of magic
 h - 5 potions of curing {unknown}
 i - 2 potions of degeneration {unknown}
 m - a potion of heal wounds {unknown}
 p - a potion of flight {unknown}
 q - a potion of invisibility {unknown}
 r - a potion of haste {unknown}
 v - a potion of mutation {unknown}
 x - a potion of resistance {unknown}


   Skills:
 - Level 2.0 Fighting
 + Level 1.0 Armour
 - Level 3.2 Dodging
 - Level 3.1 Stealth
 * Level 8.2 Spellcasting
 + Level 4.1 Conjurations
 - Level 1.1 Summonings
 - Level 1.1 Translocations
 + Level 2.3 Fire Magic
 - Level 1.0 Air Magic
 - Level 1.0 Earth Magic
 - Level 1.0 Poison Magic
 - Level 1.2 Evocations


You had 11 spell levels left.
You knew the following spells:

 Your Spells              Type           Power      Damage    Failure   Level
a - Magic Dart            Conj           100%       1d8       1%          1
b - Mephitic Cloud        Conj/Pois/Air  17%        N/A       14%         3
c - Call Imp              Summ           13%        N/A       11%         2
d - Blink                 Tloc           26%        N/A       11%         2
e - Conjure Flame         Conj/Fire      22%        6-21      9%          3

Your spell library contained the following spells:

 Spells                   Type           Power      Damage    Failure   Level
 Shock                    Conj/Air       76%        1d7       4%          1
 Static Discharge         Conj/Air       19%        N/A       6%          2
 Slow                     Hex            32%        N/A       12%         1
 Passwall                 Tmut/Erth      8%         N/A       14%         2
 Ensorcelled Hibernation  Hex/Ice        16%        N/A       17%         2
 Swiftness                Air            13%        N/A       22%         3
 Sticky Flame             Conj/Fire      22%        2d4       30%         4
 Airstrike                Air            6%         N/A       58%         4
 Lightning Bolt           Conj/Air       9%         1d22      73%         5
 Dispel Undead            Necr           8%         3d8       75%         4
 Maxwell's Capacitive Co  Air            6%         ∞         100%        8


Dungeon Overview and Level Annotations

Branches:
Dungeon (6/15)
 Temple: D:4-7

Altars:
Wu Jian
The Shining One


Message History

Aiming: Magic Dart (safe; 1% risk of failure)
Press: ? - help, Shift-Dir - straight line, f/p - orc priest
Aim: an orc priest, wielding a +2 vorpal trident and wearing a +0 scale mail (heavily wounded, confused, 100% to hit)
The magic dart hits the orc priest but does no damage.
The orc priest is heavily wounded.
Something hits you.
Casting: Magic Dart (safe; 1% risk of failure)
Confirm with . or Enter, or press ? or * to list all spells.
Aiming: Magic Dart (safe; 1% risk of failure)
Press: ? - help, Shift-Dir - straight line, f/p - orc priest
Aim: an orc priest, wielding a +2 vorpal trident and wearing a +0 scale mail (moderately wounded, confused, 100% to hit)
The magic dart hits the orc priest.
The orc priest is severely wounded.
Something hits you but does no damage. The orc priest barely misses you.
The orc priest hits itself but does no damage.
Casting: Magic Dart (safe; 1% risk of failure)
Confirm with . or Enter, or press ? or * to list all spells.
Aiming: Mephitic Cloud (dangerous; 14% risk of failure)
Press: ? - help, Shift-Dir - straight line, p - orc priest You miscast Mephitic Cloud.
You are very lightly contaminated with residual magic.
Nothing appears to happen.
You hear some strange, mumbled words.
You are confused.
You hit the orc priest but do no damage.
The orc priest is severely wounded.
You barely miss something.
The orc priest hits you with a +2 vorpal trident.
Something barely misses you. The orc priest barely misses you.
Something hits you!
* * * LOW HITPOINT WARNING * * *
You feel your power leaking away.
You bump into the rock wall.
Something hits you.
* * * LOW HITPOINT WARNING * * *
You feel your power leaking away.
You're too confused to attack without stumbling around!
You closely miss something.
You feel less confused. Something hits you!
You die...

#. #. #.# ..#
# .. ####.#.
......o###
......!<.#####
.###..##{@...#
## #####..#
..# #


You could see an orc priest (confused).

Vanquished Creatures
  An ice beast (D:5)
  2 ogres
  A phantom (D:4)
  A scorpion (D:5)
  3 orc priests
  A jelly (D:4)
  2 iguanas (D:5)
  3 orc wizards (D:5)
  3 adders (D:2)
  A worm (D:2)
  3 dart slugs
  14 orcs
  5 bats
  6 endoplasms
  2 giant cockroaches
  7 goblins
  4 hobgoblins
  8 jackals
  4 quokkas
  5 ball pythons
  6 frilled lizards
  5 kobolds
  4 rats
91 creatures vanquished.

Vanquished Creatures (collateral kills)
  3 gnolls (D:3)
  An orc (D:6)
  A bat (D:3)
5 creatures vanquished.

Vanquished Creatures (others)
  A plant (D:3)
1 creature vanquished.

Grand Total: 97 creatures vanquished

Notes
Turn   | Place    | Note
-------+----------+-------------------------------------------
     0 | D:1      | pokeman the Deep Elf Hedge Wizard began the quest for the
                  | Orb.
     0 | D:1      | Reached XP level 1. HP: 10/10 MP: 7/7
   164 | D:1      | Found a faded altar of an unknown god.
   623 | D:1      | Reached XP level 2. HP: 15/15 MP: 6/9
  1301 | D:1      | Reached skill level 5 in Spellcasting
  1625 | D:1      | Reached XP level 3. HP: 20/20 MP: 7/11
  1629 | D:1      | Learned a level 3 spell: Mephitic Cloud
  1632 | D:1      | Learned a level 2 spell: Call Imp
  1635 | D:1      | Learned a level 2 spell: Blink
  1639 | D:1      | Learned a level 3 spell: Conjure Flame
  2071 | D:2      | Reached skill level 1 in Fighting
  2071 | D:2      | Reached skill level 1 in Armour
  2079 | D:2      | Found a glowing golden altar of the Shining One.
  2590 | D:2      | Reached XP level 4. HP: 25/25 MP: 6/13
  3403 | D:3      | Reached skill level 1 in Fire Magic
  4104 | D:4      | Reached skill level 6 in Spellcasting
  4104 | D:4      | Reached XP level 5. HP: 29/29 MP: 8/15
  4204 | D:4      | Reached skill level 1 in Air Magic
  4509 | D:4      | Noticed a phantom
  4526 | D:4      | Killed a phantom
  4527 | D:4      | Reached skill level 1 in Poison Magic
  4527 | D:4      | Reached XP level 6. HP: 28/34 MP: 0/17
  4674 | D:4      | Reached skill level 7 in Spellcasting
  4904 | D:5      | Entered Level 5 of the Dungeon
  4927 | D:5      | Reached skill level 1 in Evocations
  5397 | D:5      | Reached XP level 7. HP: 19/38 MP: 16/20
  5730 | D:5      | Reached skill level 1 in Earth Magic
  6133 | D:5      | Found an ornate altar of the Wu Jian Council.
  6395 | D:5      | Reached skill level 8 in Spellcasting
  6652 | D:6      | Slain by an orc wizard

Illustrated notes

Levels and vault maps discovered:
D:1:      minmay_arrival_three_doors, layout_basic, serial_co_window_serial,
          co_window_paths_b, co_window_paths_a, co_window_cross_1,
          co_window_corner_a, co_window_of_opportunity_a, co_window_corner_cb,
          co_window_of_opportunity_b, co_window_2corner,
          co_window_of_opportunity_c, co_window_paths_d, glass_columns_a,
          ebering_ecumenical_altar_mist, minmay_tall_x
D:2:      layout_basic, basic_altar
D:3:      layout_loops_ring, serial_bayou, serial_bayou_shore_a,
          serial_bayou_pond_d, serial_bayou_pond_a, serial_bayou_ford_a
D:4:      layout_basic
D:5:      layout_basic, nzn_wu_jian_contemplation
D:6:      layout_rooms, minmay_temple_entry_antechambers, kennysheep_nondescript

Skill      XL: |  1  2  3  4  5  6  7 |
---------------+----------------------+-----
Spellcasting   | 5 6 7 8 |  8.2
Fighting       | 1 2 |  2.0
Armour         | 1 |  1.0
Conjurations   | 2 3 4 |  4.1
Fire Magic     | 1 2 |  2.3
Dodging        | 3 |  3.2
Air Magic      | 1 |  1.0
Poison Magic   | 1 |  1.0
Stealth        | 3 |  3.1
Evocations     | 1 |  1.2
Earth Magic    | 1 |  1.0
Summonings     | |  1.1
Translocations | |  1.1

Action                   |  1- 3 |  4- 6 |  7- 9 || total
-------------------------+-------+-------+-------++-------
Melee: War axe           |    28 |    26 |    16 ||    70
       Punch             |     1 |       |       ||     1
 Cast: Magic Dart        |    93 |    87 |    60 ||   240
       Conjure Flame     |       |     3 |     2 ||     5
       Call Imp          |       |     2 |     1 ||     3
       Mephitic Cloud    |       |     7 |     5 ||    12
       Blink             |       |       |     1 ||     1
 Stab: Sleeping          |     2 |       |     1 ||     3
       Confused          |       |     4 |     2 ||     6
Armor: Robe              |     3 |       |       ||     3
       Leather armour    |     2 |    13 |     7 ||    22
Dodge: Dodged            |    36 |    22 |    13 ||    71

Table legend: (Time is in decaauts)
 A = Elapsed time spent in this place.
 B = Non-inter-level travel time spent in this place.
 C = Inter-level travel time spent in this place.
 D = Time resting spent in this place.
 E = Time spent auto-exploring this place.
 F = Levels seen in this place.
 G = Mean time per level.
                   A        B        C        D        E       F      G
               +--------+--------+--------+--------+--------+-----+--------+
         Total |   6705 |   6546 |    159 |    178 |   5580 |   6 | 1117.5 |
       Dungeon |   6705 |   6546 |    159 |    178 |   5580 |   6 | 1117.5 |
               +--------+--------+--------+--------+--------+-----+--------+

Top non-repeatable levels by time:
     D:1: 1780 daAuts
     D:5: 1736 daAuts
     D:2: 1439 daAuts
     D:4: 861 daAuts
     D:3: 856 daAuts
     D:6: 31 daAuts
